 Dungeon Sprint DCSS version 0.30.1-9-gdf580d7c3d (webtiles) character file.

Game seed: 3261305425389030396

67190 Heoruswealwe the Minotaur Porcupine (level 14, -10/168 HPs)
             Began as a Minotaur Fighter on Oct 5, 2023.
             Was an Initiate of Gozag.
             Killed from afar by an ironbound thunderhulk (45 damage)
             ... with a bolt of lightning
             ... in the Dungeon (Sprint IX: "|||||||||||||||||||||||||||||").
             The game lasted 00:53:50 (5211 turns).

Heoruswealwe the Minotaur Porcupine (MiFi)          Turns: 5211, Time: 00:53:51

Health: -10/168    AC: 26    Str: 25    XL:     14   Next: 82%
Magic:  1/13       EV: 13    Int:  5    God:    Gozag
Gold:   1141       SH:  0    Dex: 11    Spells: 13/13 levels left

rFire   + . .        b - +3 glaive (venom)
rCold   . . .        (shield currently unavailable)
rNeg    . . .        c - +1 plate armour {rPois}
rPois   +            (helmet restricted)
rElec   .            h - +0 cloak
rCorr   .            f - +2 pair of gloves {infuse}
SInv    .            e - +2 pair of boots {Stlth+}
Will    +....        (no amulet) Stlth
                     k - +2 ring of protection
HPRegen 0.48/turn    j - ring of protection from fire
MPRegen 0.13/turn

%: no teleportation, infuse magic (1 MP)
@: corroded
A: horns 2, retaliatory headbutt
a: Renounce Religion, Potion Petition, Call Merchant, Bribe Branch


You were in the Dungeon.
You worshipped Gozag.
Gozag was most pleased with you.
You visited 1 branch You collected 18791 gold pieces.
You spent 8985 gold pieces at shops.
You paid 8665 gold pieces to Gozag.

Inventory:

Hand Weapons
 a - a +1 trident of protection
 b - a +3 glaive of venom (weapon)
Armour
 c - a +1 plate armour of poison resistance (worn)
 d - a +0 kite shield
 e - a +2 pair of boots of stealth (worn)
 f - a +2 pair of gloves of infusion (worn)
 h - a +0 cloak (worn)
Jewellery
 j - a ring of protection from fire (right hand)
 k - a +2 ring of protection (left hand)
Wands
 l - a wand of light (10)
 t - a wand of polymorph (6)
 x - a wand of iceblast (5)
Scrolls
 m - a scroll of identify
 p - 4 scrolls of enchant weapon
 q - a scroll of enchant armour
 u - 2 scrolls of blinking
 y - a scroll of silence
Potions
 g - a potion of haste
 i - a potion of berserk rage
 n - 2 potions of mutation
Miscellaneous
 o - a piece from Xom's chessboard (15/15)
 s - a tin of tremorstones (2/2)
 v - a box of beasts
 w - a phantom mirror
 z - a phial of floods
 A - a lightning rod (4/4)


   Skills:
 O Level 27 Fighting
 O Level 27 Polearms
 + Level 24.8 Armour
 + Level 13.6 Dodging
 + Level 15.2 Shields
 * Level 6.4 Evocations


You had 13 spell levels left.
You didn't know any spells.
Your spell library was empty.

Dungeon Overview and Level Annotations

Branches:
Dungeon (1/1)

Altars:
Cheibriados
Dithmenos
Elyvilon
Fedhas
Gozag
Hepliaklqana
Kikubaaqudgha
Makhleb
Nemelex Xobeh
Okawaru
Qazlal
Ru
Sif Muna
Trog
Uskayaw
Vehumet
Wu Jian
Xom
Yredelemnul
Zin
The Shining One
Jiyva
Lugonu

Shops:
D ****!(*((*(*


Innate Abilities, Weirdness & Mutations

You have a pair of horns on your head.
You reflexively headbutt those who attack you in melee.


Message History

You kill the vault sentinel!
Reach: b) +3 glaive (venom)
Press: ? - help, Dir - move target, f - great orb of eyes
Aim: a great orb of eyes (about 9% to evade your +3 glaive of venom)
You reach to attack!
You hit the great orb of eyes but do no damage.
The great orb of eyes is poisoned.
The great orb of eyes gazes at you.
You suddenly lose the ability to move!
The ironbound thunderhulk is no longer distracted by gold.
Strange energies crackle from the ironbound thunderhulk's apparatus.
The ironbound thunderhulk blinks!
The great orb of eyes bites you but does no damage.
Electricity crackles from the ironbound thunderhulk's apparatus.
The bolt of lightning hits you!!!
* * * LOW HITPOINT WARNING * * *
You can move again.
You feel better.
You feel yourself slow down.
You slash the great orb of eyes!
The great orb of eyes looks as sick as possible!
You headbutt the great orb of eyes, but do no damage.
The great orb of eyes is moderately wounded.
The boulder beetle is no longer distracted by gold.
The great orb of eyes barely misses you.
You furiously retaliate!
You headbutt the great orb of eyes!
The boulder beetle is distracted by your dazzling golden aura.
Blink to where?
Press: ? - help, Dir - move target, p - great orb of eyes
As you read the scroll of blinking, it crumbles to dust.
You open the door. The great orb of eyes gazes at you.
You are confused.
There is an open door to the Vaults, spattered with blood here.
You bump into the unnaturally hard rock wall.
You feel better.
Electricity crackles from the ironbound thunderhulk's apparatus.
The bolt of lightning hits you!!!
You die...
Your body crumbles into a pile of gold.

,*,*,*,*,*,*,*,▓.▓.▓)▓.▓[▓.▓)▓.▓.
,*,*,*,*,*,*,*,▓.▓.▓.▓.▓[▓.▓)▓.▓.
,*,*,*,*,*,*,*,▓)▓.▓.▓.▓[▓.▓)▓.▓.
,*,*,*,*,*,*,*,▓.▓.▓.▓.▓[▓.▓)▓.▓'
,*,*,*,*,*,*,*,▓.▓.▓.▓.▓.▓.▓)▓.▓.
,*,*,*,*,*,*,*,▓)▓.▓.▓.▓.▓)▓)▓.▓.
,*,*,*,*,*,*,*,▓.▓.▓.▓.▓.▓.▓)▓.▓.
,*,*,*,*+*,*,*,▓$▓.▓'▓.▓!▓.▓.▓.▓.
,*,*+*,*,*,*,*,▓@▓.▓.▓.▓.▓.▓.▓.▓.
,*,*,*,*,*,*,*,▓.▓.▓.▓.▓.▓.▓.▓.▓.
,*,*,*,*,*,*,*,▓$▓.▓.▓.▓?▓.▓.▓.▓.
,*,*,*,*,*,*,*,▓$▓.▓.▓.▓.▓.▓.▓.▓.
,*,*,*,*,*,*,*,▓G▓.▓.▓.▓.▓.▓'▓.▓.
,*,*,*,*,*,*,*,▓$▓.▓.▓.▓.▓.▓[▓.▓'
,*,*,*,*,*,*,*,▓$▓.▓.▓.▓)▓.▓?▓.▓.
,*,*,*,*,*,*,*,▓O▓.▓.▓.▓)▓.▓.▓.▓.
,*,*,*,*,*,*,*,▓$▓.▓)▓[▓.▓.▓.▓.▓.


You could see an ironbound thunderhulk and a great orb of eyes (very poisoned).

Vanquished Creatures
  A tentacled monstrosity (D)
  Frances (D)
  A sphinx (D)
  Donald (D)
  2 fire giants (D)
  An iron dragon (D)
  A vault warden (D)
  An emperor scorpion (D)
  2 broodmothers (D)
  A frost giant (D)
  3 ironbound preservers (D)
  2 very ugly things (D)
  2 stone giants (D)
  An ironbound thunderhulk (D)
  A dire elephant (D)
  2 bunyips (D)
  Azrael (D)
  4 ettins (D)
  3 fire dragons (D)
  An entropy weaver (D)
  2 spriggan air magi (D)
  2 hydras (D)
  Erolcha (D)
  An ice dragon (D)
  A salamander tyrant (D)
  4 centaur warriors (D)
  An anaconda (D)
  Erica (D)
  3 alligator snapping turtles (D)
  A two-headed ogre (D)
  2 alligators (D)
  A deep troll shaman (D)
  A deep troll earth mage (D)
  2 boulder beetles (D)
  2 vampire magi (D)
  2 tengu warriors (D)
  3 naga sharpshooters (D)
  Urug (D)
  Nergalle (D)
  3 swamp dragons (D)
  An orb spider (D)
  A spriggan druid (D)
  A glowing orange brain (D)
  3 ironbound convokers (D)
  6 orc knights (D)
  A mana viper (D)
  3 manticores (D)
  2 ugly things (D)
  A wolf spider (D)
  8 elephants (D)
  A demonic crawler (D)
  A water nymph (D)
  A merfolk siren (D)
  A cyclops (D)
  A guardian serpent (D)
  2 vault sentinels (D)
  3 black mambas (D)
  A torpor snail (D)
  4 cane toads (D)
  A komodo dragon (D)
  Psyche (D)
  2 tengu conjurers (D)
  A rime drake (D)
  A tyrant leech (D)
  A meliai (D)
  A blink frog (D)
  A snapping turtle (D)
  A culicivora (D)
  A jumping spider (D)
  3 slime creatures (D)
  A yak (D)
  A fire elemental (D)
  3 wyverns (D)
  A basilisk (D)
  3 water moccasins (D)
  A naga (D)
  5 hell hounds (D)
  A black bear (D)
  18 orc warriors (D)
  A wolf (D)
  A centaur (D)
  A bullfrog (D)
  A howler monkey (D)
  A jelly (D)
  5 orc priests (D)
  An iguana (D)
  5 orc wizards (D)
  4 orcs (D)
  An endoplasm (D)
  A giant cockroach (D)
  A hobgoblin (D)
  A kobold (D)
  A bat (D)
182 creatures vanquished.

Vanquished Creatures (others)
  A bloated husk (D)
1 creature vanquished.

Grand Total: 183 creatures vanquished

Notes
Turn   | Place    | Note
-------+----------+-------------------------------------------
     0 | D        | Heoruswealwe the Minotaur Fighter began the quest for the
                  | Orb.
     0 | D        | Reached XP level 1. HP: 19/19 MP: 0/0
    29 | D        | Noticed an orc priest
    29 | D        | Noticed a black bear
    29 | D        | Noticed a jelly
    29 | D        | Noticed an iguana
    36 | D        | Killed an orc priest
    37 | D        | Reached skill level 5 in Fighting
    37 | D        | Reached skill level 5 in Polearms
    37 | D        | Reached skill level 5 in Armour
    37 | D        | Reached XP level 2. HP: 11/29 MP: 1/1
    37 | D        | Reached XP level 3. HP: 14/36 MP: 2/2
    42 | D        | Killed a black bear
    43 | D        | Reached XP level 4. HP: 8/45 MP: 3/3
    48 | D        | HP: 1/45 [acid (2)]
    50 | D        | Reached XP level 5. HP: 2/52 MP: 4/4
   256 | D        | Found a snail-covered altar of Cheibriados.
   256 | D        | Found a shadowy altar of Dithmenos.
   256 | D        | Found a white marble altar of Elyvilon.
   256 | D        | Found a blossoming altar of Fedhas.
   256 | D        | Found an opulent altar of Gozag.
   257 | D        | Found a hazy altar of Hepliaklqana.
   258 | D        | Found a viscous altar of Jiyva.
   259 | D        | Found an ancient bone altar of Kikubaaqudgha.
   260 | D        | Found a corrupted altar of Lugonu.
   261 | D        | Found a burning altar of Makhleb.
   262 | D        | Found a sparkling altar of Nemelex Xobeh.
   263 | D        | Found an iron altar of Okawaru.
   264 | D        | Became a worshipper of Gozag Ym Sagoz the Greedy
   265 | D        | Found a stormy altar of Qazlal.
   266 | D        | Found a sacrificial altar of Ru.
   267 | D        | Found a shimmering blue altar of Sif Muna.
   268 | D        | Found a bloodstained altar of Trog.
   269 | D        | Found a hide-covered altar of Uskayaw.
   270 | D        | Found a radiant altar of Vehumet.
   271 | D        | Found an ornate altar of the Wu Jian Council.
   272 | D        | Found a shimmering altar of Xom.
   273 | D        | Found a basalt altar of Yredelemnul.
   274 | D        | Found a glowing silver altar of Zin.
   275 | D        | Found a glowing golden altar of the Shining One.
   336 | D        | Noticed an orc warrior
   336 | D        | Noticed a two-headed ogre
   336 | D        | Noticed a wyvern
   336 | D        | Noticed a centaur
   352 | D        | Killed a two-headed ogre
   353 | D        | Reached skill level 10 in Fighting
   353 | D        | Reached skill level 10 in Armour
   353 | D        | Reached XP level 6. HP: 28/67 MP: 5/5
   353 | D        | Reached XP level 7. HP: 30/73 MP: 6/6
   364 | D        | Killed a wyvern
   365 | D        | Reached XP level 8. HP: 67/82 MP: 7/7
   368 | D        | Reached skill level 15 in Polearms
   416 | D        | Noticed a centaur warrior
   416 | D        | Noticed a purple ugly thing
   416 | D        | Noticed a green ugly thing
   416 | D        | Noticed a cyclops
   416 | D        | Noticed a manticore
   416 | D        | Noticed a komodo dragon
   421 | D        | Killed a centaur warrior
   427 | D        | Killed a purple ugly thing
   428 | D        | Reached XP level 9. HP: 76/92 MP: 8/8
   435 | D        | Killed a purple ugly thing
   439 | D        | Killed a cyclops
   444 | D        | Killed a manticore
   448 | D        | Killed a komodo dragon
   622 | D        | Noticed a cane toad
   622 | D        | Noticed a black mamba
   629 | D        | Killed a cane toad
   634 | D        | Killed a black mamba
   635 | D        | Reached XP level 10. HP: 103/104 MP: 9/9
   641 | D        | Noticed a boulder beetle
   669 | D        | Killed a boulder beetle
   670 | D        | Reached skill level 15 in Fighting
   670 | D        | Reached skill level 15 in Armour
   872 | D        | Noticed a black mamba
   872 | D        | Noticed a cane toad
   872 | D        | Noticed a cane toad
   872 | D        | Noticed an elephant
   882 | D        | Killed a black mamba
   884 | D        | Killed a cane toad
   895 | D        | Noticed a cane toad
   901 | D        | Killed a cane toad
   908 | D        | Killed an elephant
   922 | D        | Killed a cane toad
  1049 | D        | Noticed a dire elephant
  1049 | D        | Noticed an elephant
  1049 | D        | Noticed an elephant
  1049 | D        | Noticed an elephant
  1049 | D        | Noticed an elephant
  1049 | D        | Noticed an elephant
  1054 | D        | Noticed an elephant
  1064 | D        | Killed a dire elephant
  1065 | D        | Reached XP level 11. HP: 62/115 MP: 10/10
  1385 | D        | Noticed Erolcha
  1393 | D        | Killed Erolcha
  1431 | D        | Noticed an ettin
  1431 | D        | Noticed a stone giant
  1433 | D        | Noticed a stone giant
  1435 | D        | Killed an ettin
  1451 | D        | Killed a stone giant
  1467 | D        | Killed a stone giant
  1771 | D        | Noticed an ettin
  1787 | D        | Killed an ettin
  2003 | D        | Found Sekoo's Assorted Antiques.
  2003 | D        | Noticed an orc knight
  2004 | D        | Noticed an orc knight
  2009 | D        | Found Kagriuci's Distillery.
  2009 | D        | Noticed an orc knight
  2011 | D        | Noticed an orc knight
  2021 | D        | Killed an orc knight
  2022 | D        | Reached XP level 12. HP: 80/128 MP: 11/11
  2030 | D        | Found Qaquukh's Antique Weapon Emporium.
  2037 | D        | Found Loesked's General Store.
  2228 | D        | Bought 3 scrolls labelled UROGULAROOS for 54 gold pieces
  2228 | D        | Bought a scroll of identify for 36 gold pieces
  2228 | D        | Bought a fuming orange potion for 16 gold pieces
  2228 | D        | Bought a pair of runed boots for 135 gold pieces
  2228 | D        | Bought a scroll labelled NIRIAM ZITZ for 18 gold pieces
  2234 | D        | Bought a potion of cancellation for 96 gold pieces
  2234 | D        | Bought a potion of flight for 36 gold pieces
  2234 | D        | Bought 2 potions of degeneration for 24 gold pieces
  2234 | D        | Bought a scroll of silence for 114 gold pieces
  2234 | D        | Bought a potion of heal wounds for 60 gold pieces
  2238 | D        | Bought a potion of ambrosia for 88 gold pieces
  2238 | D        | Bought a potion of attraction for 33 gold pieces
  2238 | D        | Bought a potion of resistance for 110 gold pieces
  2238 | D        | Bought a potion of curing for 33 gold pieces
  2238 | D        | Bought a potion of might for 44 gold pieces
  2238 | D        | Bought a potion of mutation for 88 gold pieces
  2240 | D        | Bought a glowing glaive for 275 gold pieces
  2322 | D        | Bought a glowing trident for 175 gold pieces
  2357 | D        | Bought a scroll of summoning for 104 gold pieces
  2357 | D        | Bought a piece from Xom's chessboard (15/15) for 220 gold
                  | pieces
  2357 | D        | Bought a tin of tremorstones (2/2) for 440 gold pieces
  2400 | D        | Bought a scroll of identify for 36 gold pieces
  2400 | D        | Bought a wand of polymorph (6) for 151 gold pieces
  2400 | D        | Bought a scroll of blinking for 135 gold pieces
  2400 | D        | Bought a scroll of enchant weapon for 135 gold pieces
  2432 | D        | Noticed Urug
  2440 | D        | Killed Urug
  2632 | D        | Noticed Erica
  2637 | D        | Killed Erica
  2814 | D        | Noticed an eight-headed hydra
  2814 | D        | Noticed a centaur warrior
  2814 | D        | Noticed a centaur warrior
  2817 | D        | Killed a ten-headed hydra
  2820 | D        | Killed a centaur warrior
  2820 | D        | Noticed a boulder beetle
  2823 | D        | Noticed a green very ugly thing
  2824 | D        | Noticed a deep troll earth mage
  2826 | D        | Noticed a fire dragon
  2828 | D        | Killed a centaur warrior
  2834 | D        | Killed a green very ugly thing
  2835 | D        | Noticed a vampire mage
  2843 | D        | Noticed an ettin
  2850 | D        | Killed a boulder beetle
  2852 | D        | Killed a deep troll earth mage
  2853 | D        | Reached skill level 27 in Polearms
  2854 | D        | Killed a fire dragon
  2858 | D        | Killed a vampire mage
  2861 | D        | Killed an ettin
  2870 | D        | Noticed a sphinx
  2875 | D        | Killed a sphinx
  2876 | D        | Reached XP level 13. HP: 62/143 MP: 0/12
  3128 | D        | Noticed Azrael
  3139 | D        | Killed Azrael
  3140 | D        | Reached skill level 5 in Shields
  3235 | D        | Noticed Donald
  3244 | D        | Killed Donald
  3332 | D        | Noticed Frances
  3341 | D        | Killed Frances
  3442 | D        | Bought a scroll of blinking for 270 gold pieces
  3442 | D        | Bought a brass wand for 144 gold pieces
  3442 | D        | Bought a scroll of enchant weapon for 270 gold pieces
  3442 | D        | Bought a pair of brightly glowing gloves for 342 gold
                  | pieces
  3442 | D        | Identified the +1 pair of gloves of Gozag's Castigation
                  | {+Blink rCorr Int+2} (You bought it in a shop in the
                  | Dungeon)
  3445 | D        | Bought a scroll of identify for 46 gold pieces
  3445 | D        | Bought a scroll labelled ZORUS ITOANA for 23 gold pieces
  3445 | D        | Bought a scroll labelled SUSHIB GASATOE for 23 gold pieces
  3445 | D        | Bought a potion of curing for 69 gold pieces
  3445 | D        | Bought a potion of might for 92 gold pieces
  3445 | D        | Bought a potion of haste for 230 gold pieces
  3459 | D        | Noticed a broodmother
  3464 | D        | Noticed a broodmother
  3465 | D        | Reached skill level 5 in Dodging
  3473 | D        | Killed a broodmother
  3489 | D        | Killed a broodmother
  3880 | D        | Reached skill level 10 in Shields
  4223 | D        | Bought a phial of floods for 920 gold pieces
  4263 | D        | Noticed a bunyip
  4263 | D        | Noticed a bunyip
  4274 | D        | Killed a bunyip
  4282 | D        | Noticed an emperor scorpion
  4284 | D        | Killed a bunyip
  4309 | D        | Killed an emperor scorpion
  4310 | D        | Reached XP level 14. HP: 64/160 MP: 0/13
  4425 | D        | Reached skill level 10 in Dodging
  4562 | D        | Bought a phantom mirror for 1200 gold pieces
  4562 | D        | Bought a potion of haste for 300 gold pieces
  4562 | D        | Bought a potion of heal wounds for 150 gold pieces
  4562 | D        | Bought a runed cabochon ring for 150 gold pieces
  4618 | D        | Noticed Nergalle
  4630 | D        | Killed Nergalle
  4657 | D        | Noticed Psyche
  4663 | D        | Killed Psyche
  4745 | D        | Noticed a fire giant
  4745 | D        | Noticed a fire giant
  4746 | D        | Noticed a purple very ugly thing
  4759 | D        | Noticed a tentacled monstrosity
  4762 | D        | Killed a fire giant
  4767 | D        | Killed a fire giant
  4772 | D        | Killed a purple very ugly thing
  4783 | D        | Killed a tentacled monstrosity
  4784 | D        | Noticed an iron dragon
  4796 | D        | Noticed a frost giant
  4809 | D        | Killed an iron dragon
  4834 | D        | Killed a frost giant
  4856 | D        | Reached skill level 27 in Fighting
  4984 | D        | Bought a box of beasts for 1200 gold pieces
  4984 | D        | Bought a lightning rod (4/4) for 900 gold pieces
  5127 | D        | Noticed an ironbound thunderhulk
  5135 | D        | Killed an ironbound thunderhulk
  5136 | D        | Reached skill level 1 in Evocations
  5142 | D        | Noticed an ironbound preserver
  5144 | D        | Noticed an ironbound preserver
  5149 | D        | Noticed a vault warden
  5159 | D        | Killed an ironbound preserver
  5162 | D        | Noticed an ironbound preserver
  5176 | D        | Killed a vault warden
  5177 | D        | Reached skill level 5 in Evocations
  5178 | D        | Killed an ironbound preserver
  5179 | D        | Reached skill level 15 in Shields
  5183 | D        | Noticed an ironbound thunderhulk
  5192 | D        | Killed an ironbound preserver
  5202 | D        | Paralysed by a great orb of eyes for 2 turns
  5211 | D        | Killed from afar by an ironbound thunderhulk

Illustrated notes

Levels and vault maps discovered:
D:        linesprint [early_d, line_temple, items_1, d_10, items_2, lair_1,
          lair_end, items_3, orc_1, orc_end, items_4, d_15, swamp_1, shoals_1,
          snake_1, spider_1, d_20, vaults_1, items_5, swamp_end, shoals_end,
          snake_end, spider_end, vaults_end, d_27, items_6, zot_1, zot_end,
          crypt_end, forest_end, elf_end, slime_end, tomb_end, abyss_end,
          pan_hell_end]

Skill      XL: |  1  2  3  4  5  6  7  8  9 10 11 12 13 14 |
---------------+-------------------------------------------+-----
Polearms       | 5 8 9 14 17 19 22 24 27 | 27.0
Fighting       | 5 6 7 10 11 12 14 16 18 21 24 27 | 27.0
Armour         | 5 6 7 10 11 12 14 16 18 21 23 24 | 24.8
Dodging        | 2 9 13 | 13.6
Shields        | 4 11 15 | 15.2
Evocations     | 6 |  6.4

Action                     |  1- 3 |  4- 6 |  7- 9 | 10-12 | 13-15 || total
---------------------------+-------+-------+-------+-------+-------++-------
  Melee: Trident           |    20 |    14 |       |       |       ||    34
         Headbutt          |     6 |     5 |     7 |    83 |    89 ||   190
         Halberd           |       |    16 |    54 |   259 |       ||   329
         Glaive            |       |       |       |    44 |   345 ||   389
 Invoke: Call Merchant     |       |       |       |     5 |     3 ||     8
    Use: Potion            |     1 |     1 |     1 |    15 |    15 ||    33
         Scroll            |       |       |       |     6 |     4 ||    10
   Stab: Distracted        |       |       |       |     5 |     8 ||    13
 Armour: Scale mail        |     8 |     5 |       |       |       ||    13
         Chain mail        |       |     7 |     3 |       |       ||    10
         Plate armour      |       |       |    15 |   143 |   151 ||   309
  Dodge: Dodged            |    11 |     3 |    16 |    67 |   100 ||   197
  Block: Buckler           |     3 |     1 |       |       |       ||     4
